 Dungeon Crawl Stone Soup version 0.28-a0-199-g298df9dbad (webtiles) character file.

Game seed: 12221599716851839779

140 bande the Shield-Bearer (level 5, -3/32 HPs)
             Began as a Gargoyle Fighter on Aug 20, 2021.
             Slain by an ogre (12 damage)
             ... on level 4 of the Dungeon.
             The game lasted 00:05:18 (3593 turns).

bande the Shield-Bearer (Gargoyle Fighter)          Turns: 3593, Time: 00:05:19

Health: -3/32      AC: 14    Str: 19    XL:     5   Next: 23%
Magic:  5/5        EV:  5    Int: 15    God:
Gold:   149        SH:  8    Dex: 10    Spells: 4/4 levels left

rFire   . . .      SeeInvis .   a - +0 war axe
rCold   . . .      Faith    .   c - +0 kite shield
rNeg    + . .      Spirit   .   o - +0 chain mail
rPois   ∞          Reflect  .   (no helmet)
rElec   +          Harm     .   g - +0 cloak
rCorr   .          Rampage  .   (no gloves)
Will    .....                   (no boots)
Stlth   ..........              (no amulet)
HPRegen 0.10/turn               e - +6 ring of intelligence
MPRegen 0.09/turn               (no ring)

@: mighty
A: sickness immunity, AC +4, negative energy resistance 1, electricity
resistance, torment resistance 1, petrification resistance
a: no special abilities


You were on level 4 of the Dungeon.
You visited 1 branch of the dungeon, and saw 4 of its levels.

You collected 149 gold pieces.

Inventory:

Hand Weapons
 a - a +0 war axe (weapon)
Armour
 c - a +0 kite shield (worn)
 g - a +0 cloak (worn)
 o - a +0 chain mail (worn)
Jewellery
 e - a +6 ring of intelligence (left hand)
Wands
 k - a wand of iceblast (8)
Scrolls
 b - a scroll of teleportation
 f - a scroll of vulnerability
Potions
 d - a potion of might
 h - 2 potions of invisibility
 i - a potion of brilliance {unknown}
 j - a potion of berserk rage {unknown}
 m - a potion of heal wounds {unknown}


   Skills:
 + Level 3.6 Fighting
 + Level 2.9 Axes
 + Level 4.2 Armour
 + Level 0.3 Dodging
 + Level 4.3 Shields
 * Level 0.7 Evocations


You had 4 spell levels left.
You didn't know any spells.
Your spell library contained the following spells:

 Spells                   Type           Power      Damage    Failure   Level
 Shock                    Conj/Air       0%         1d3       100%        1
 Summon Small Mammal      Summ           0%         N/A       100%        1
 Call Canine Familiar     Summ           0%         N/A       100%        3
 Summon Guardian Golem    Hex/Summ       0%         N/A       100%        3
 Swiftness                Air            0%         N/A       100%        3
 Airstrike                Air            0%         N/A       100%        4
 Summon Lightning Spire   Summ/Air       0%         N/A       100%        4
 Storm Form               Tmut/Air       0%         N/A       100%        7
 Maxwell's Capacitive Co  Air            0%         ∞         100%        8


Dungeon Overview and Level Annotations

Branches:
Dungeon (4/15)
 Temple: D:4-7

Altars:
Fedhas
Wu Jian

Shops:
D:1 *


Innate Abilities, Weirdness & Mutations

You are immune to sickness and miasma.
Your stone body is resilient. (AC +4)
You are immune to poison.
You resist negative energy. (rN+)
You are resistant to electric shocks. (rElec)
You are resistant to unholy torment.
You are immune to petrification.


Message History

You hit the howler monkey.
The howler monkey is severely wounded.
The howler monkey hoots and howls with incredible vigour!
You block the howler monkey's attack.
You hit the howler monkey.
The howler monkey is almost dead.
You block the howler monkey's attack.
The howler monkey hits you but does no damage.
You closely miss the howler monkey.
The howler monkey is almost dead.
The howler monkey hits you but does no damage.
The howler monkey hoots and howls with incredible vigour!
You hear a shout!
You hit the howler monkey.
The howler monkey is almost dead.
The howler monkey hits you but does no damage.
The howler monkey closely misses you.
You hit the howler monkey.
You kill the howler monkey!
You have reached level 5!
Found 15 stones.
Found an escape hatch in the floor.
You now have 149 gold pieces (gained 14).
You open the door.
There is an open door here.
You open the door.
An ogre comes into view. It is wielding a +0 giant club.
The ogre shouts!
Found 6 atropa-tipped darts.
A worm comes into view.
You hit the ogre.
The ogre is lightly wounded.
The ogre closely misses you.
You hit the ogre.
The ogre is moderately wounded.
The ogre hits you with a +0 giant club!!
Ouch! That really hurt!
* * * LOW HITPOINT WARNING * * *
You feel very mighty all of a sudden. The ogre hits you with a +0 giant club!
You die...

# #. #..
+...
#....#####
+(...O@..#
#....###.#
#... #.#
#.. #.# #.
#.# # #.#
#.# #.#
#.#


You could see an ogre.

Vanquished Creatures
  A howler monkey (D:4)
  3 adders
  An ufetubus (D:2)
  A worm (D:3)
  4 dart slugs
  An orc (D:3)
  4 bats
  8 endoplasms
  6 goblins
  2 hobgoblins (D:3)
  2 jackals (D:1)
  5 quokkas
  10 ball pythons
  7 frilled lizards
  5 kobolds
  2 rats
62 creatures vanquished.

Notes
Turn   | Place    | Note
-------+----------+-------------------------------------------
     0 | D:1      | bande the Gargoyle Fighter began the quest for the Orb.
     0 | D:1      | Reached XP level 1. HP: 14/14 MP: 1/1
    48 | D:1      | Found a faded altar of an unknown god.
   215 | D:1      | Reached XP level 2. HP: 16/19 MP: 2/2
   693 | D:1      | Reached XP level 3. HP: 17/23 MP: 3/3
  1225 | D:1      | Found Reotedd's General Store.
  1541 | D:2      | Found an ornate altar of the Wu Jian Council.
  1919 | D:2      | Reached XP level 4. HP: 27/28 MP: 4/4
  2945 | D:3      | Found a blossoming altar of Fedhas.
  3565 | D:4      | Reached XP level 5. HP: 32/32 MP: 5/5
  3589 | D:4      | Noticed an ogre
  3593 | D:4      | Slain by an ogre

Illustrated notes

Levels and vault maps discovered:
D:1:      amcnicky_arrival_double_pillar, layout_basic, serial_shops,
          nicolae_shop_behind_doors, hellmonk_ecumenical_altar_lost_god
D:2:      layout_loops_ring, basic_altar
D:3:      layout_basic, fedhas_altar_1
D:4:      layout_basic, uniq_natasha

Skill      XL: |  1  2  3  4 |
---------------+-------------+-----
Axes           | 2 |  2.9
Shields        | 4 |  4.3
Armour         | 4 |  4.2
Fighting       | |  3.6
Dodging        | |  0.3
Evocations     | |  0.7

Action                   |  1- 3 |  4- 6 || total
-------------------------+-------+-------++-------
Melee: War axe           |   119 |    63 ||   182
  Use: Scroll            |     2 |     5 ||     7
       Potion            |       |     1 ||     1
Armor: Scale mail        |    75 |     5 ||    80
       Chain mail        |       |    44 ||    44
Dodge: Dodged            |    37 |    15 ||    52
Block: Kite shield       |    71 |    30 ||   101

Table legend: (Time is in decaauts)
 A = Elapsed time spent in this place.
 B = Non-inter-level travel time spent in this place.
 C = Inter-level travel time spent in this place.
 D = Time resting spent in this place.
 E = Time spent auto-exploring this place.
 F = Levels seen in this place.
 G = Mean time per level.
                   A        B        C        D        E       F      G
               +--------+--------+--------+--------+--------+-----+--------+
         Total |   3706 |   3665 |     41 |    306 |   2839 |   4 |  926.5 |
       Dungeon |   3706 |   3665 |     41 |    306 |   2839 |   4 |  926.5 |
               +--------+--------+--------+--------+--------+-----+--------+

Top non-repeatable levels by time:
     D:1: 1530 daAuts
     D:3: 1022 daAuts
     D:2: 1014 daAuts
     D:4: 139 daAuts
